 Dungeon Crawl Stone Soup version 0.25-a0-246-g58704a1ebd (webtiles) character file.

Game seed: 16680049663498090937, levelgen mode: deterministic

65 floatRand the Chopper (level 3, 0/29 HPs)
             Began as a Demonspawn Monk on Dec 3, 2019.
             Slain by a gnoll
             ... wielding a +0 spear
              (6 damage)
             ... on level 3 of the Dungeon.
             The game lasted 00:01:22 (1791 turns).

floatRand the Chopper (Demonspawn Monk)             Turns: 1791, Time: 00:01:23

Health: 0/29       AC:  7    Str: 17    XL:     3   Next: 94%
Magic:  3/3        EV: 13    Int: 11    God:
Gold:   159        SH:  0    Dex: 15    Spells: 2/2 levels left

rFire    . . .     SeeInvis .   a - +0 hand axe
rCold    . . .     Gourm    .   (no shield)
rNeg     . . .     Faith    .   b - +0 robe
rPois    .         Spirit   .   (no helmet)
rElec    .         Reflect  .   (no cloak)
rCorr    .         Harm     .   (no gloves)
MR       +....                  (no boots)
Stlth    ++........             (no amulet)
HPRegen  0.09/turn              o - +3 ring of protection
MPRegen  0.08/turn              i - ring of protection from magic

@: mighty
A: talons 1, thin metallic scales 1
a: no special abilities


You were on level 3 of the Dungeon.
You were not hungry.

You visited 1 branch of the dungeon, and saw 3 of its levels.

You collected 159 gold pieces.

Inventory:

Hand Weapons
 a - a +0 hand axe (weapon)
Armour
 b - a +0 robe (worn)
Jewellery
 f - an uncursed ring of positive energy
 i - a ring of protection from magic (right hand)
 o - a +3 ring of protection (left hand)
 p - an uncursed ring of positive energy
 r - an uncursed ring of see invisible {unknown}
Scrolls
 d - 2 scrolls of identify {unknown}
 j - a scroll of fog {unknown}
 n - 3 scrolls of blinking {unknown}
 q - 2 scrolls of teleportation {unknown}
Potions
 e - a potion of flight {unknown}
 h - a potion of lignification {unknown}
 k - a potion of cancellation {unknown}
 l - a potion of curing {unknown}
 m - a potion of mutation {unknown}
Comestibles
 c - 4 rations


   Skills:
 - Level 3.0 Fighting
 * Level 3.9 Axes
 + Level 3.3 Dodging
 - Level 1.7 Stealth


You had 2 spell levels left.
You didn't know any spells.
Your spell library was empty.

Dungeon Overview and Level Annotations

Branches:
Dungeon (3/15)

Altars:


Innate Abilities, Weirdness & Mutations

You have sharp toenails.
You are partially covered in thin metallic scales. (AC +2)


Message History

Unknown command.
You completely miss the gnoll. You claw the gnoll!
The gnoll is severely wounded.
The gnoll hits you with a +0 spear.
The gnoll hits you from afar with a +0 spear.
You hit the gnoll. Your kick misses the gnoll.
The gnoll is almost dead.
The gnoll barely misses you.
The gnoll hits you from afar with a +0 spear!
The gnoll hits you with a +0 spear.
* * * LOW HITPOINT WARNING * * *
The gnoll closely misses you.
You barely miss the gnoll. You claw the gnoll.
You kill the gnoll!
The gnoll misses you.
You are too injured to fight recklessly!
Unknown command.
You are too injured to fight recklessly!
The gnoll hits you with a +0 spear.
You die...

####.######.#.#%.
#....# #.#.#.#
#....# #.#.#.#
#....# #.#.#.#
#....# #.#.#.#
#....# ###.#.#.#
#....# #...#.#.#
##....####...#.#.#
........##...#.#@#
........##...#.#g#
.........'...#.#K#
........##...#.#g#
........######'#.#
........#........#
........#........#
........#........#
.########........#


You could see 2 gnolls and a kobold.

Vanquished Creatures
  A gnoll (D:3)
  2 adders
  A leopard gecko (D:1)
  An orc (D:2)
  2 giant cockroaches (D:1)
  2 goblins (D:1)
  5 hobgoblins (D:1)
  7 jackals (D:1)
  4 bats
  A frilled lizard (D:3)
  5 kobolds
  2 rats
33 creatures vanquished.

Notes
Turn   | Place    | Note
-------+----------+-------------------------------------------
     0 | D:1      | floatRand the Demonspawn Monk began the quest for the Orb.
     0 | D:1      | Reached XP level 1. HP: 18/18 MP: 1/1
   272 | D:1      | Gained mutation: You have sharp toenails. [demonic
                  | ancestry]
   272 | D:1      | Reached XP level 2. HP: 19/24 MP: 2/2
   589 | D:1      | Gained mutation: You are partially covered in thin metallic
                  | scales. (AC +2) [demonic ancestry]
   589 | D:1      | Reached XP level 3. HP: 29/29 MP: 3/3
  1791 | D:3      | Slain by a gnoll

Levels and vault maps discovered:
D:1:      lightli_arrival_maybe_door_vault, layout_basic
D:2:      layout_rooms, first_ration
D:3:      layout_basic, minmay_randomly_rotated_circles

Skill      XL: |  1  2 |
---------------+-------+-----
Axes           | 3 |  3.9
Dodging        | 3 |  3.3
Fighting       | |  3.0
Stealth        | |  1.7

Action                   || total
-------------------------++-------
Melee: Hand axe          ||    98
       Kick              ||    21
  Use: Potion            ||     1
 Stab: Sleeping          ||     1
  Eat: Chunk             ||     3
Armor: Robe              ||    40
Dodge: Dodged            ||    88

Table legend:
 A = Non-vault XP
 B = Vault XP
 C = Vault XP percentage of total XP
 D = Non-vault monster count
 E = Vault monster count
 F = Vault count percentage of total count
                 A         B        C        D         E       F
            +---------+---------+-------+---------+---------+-------
      Total |      94 |       0 |   0.0 |      33 |       0 |   0.0
            +---------+---------+-------+---------+---------+-------
        D:1 |      43 |       0 |   0.0 |      23 |       0 |   0.0
        D:2 |      19 |       0 |   0.0 |       5 |       0 |   0.0
        D:3 |      32 |       0 |   0.0 |       5 |       0 |   0.0
            +---------+---------+-------+---------+---------+-------
